AoeStats
← El Fantasma de Pancho Villa

Arabia

510217100Analyzed
4v4 RM · 21h ago on Sep 30, 2026· 39m 44s· 8 players
Game mode
Random Map
Map size
Large (8 player)
Population
200
Speed
Normal
Resources
Standard
Victory
Conquest
Starting age
Dark Age
Ending age
Imperial Age
RankedLock teamsTeams togetherTeam positionsShared explorationLock speedFull tech treeHidden civsTurbo modeCheats
Victory
Defeat
🇺🇸 Persians · United States
1249
+12
🇨🇳 Franks · China
1125
+17
🇺🇸 Mongols · United States
1121
+18
🇨🇦 Ethiopians · Canada
1007
+22
🇨🇱 Varangians · Chile
1175
-18
🇺🇸 Teutons · United States
1162
-18
🇨🇴 Turks · Colombia
1157
-17
🇺🇾 Britons · Uruguay
1131
-16
Monkey King
8:26 Feudal Age
6:44 Loom
9:29 Double-Bit Axe
15:43 Horse Collar
19:10 Wheelbarrow
21:40 Castle Age
20:30 Bloodlines
22:11 Fletching
23:43 Husbandry
25:27 Bodkin Arrow
27:42 Hand Cart
30:23 Ballistics
30:19 Gold Mining
31:04 Padded Archer Armor
31:11 Stone Mining
32:03 Leather Archer Armor
37:56 Imperial Age
36:53 Masonry
37:01 Bow Saw
39:50 Hoardings
Trailmaker
6:54 Loom
9:04 Feudal Age
9:47 Double-Bit Axe
11:00 Town Watch
19:09 Scale Barding Armor
19:38 Horse Collar
20:30 Forging
24:42 Castle Age
24:18 Bloodlines
25:12 Husbandry
24:33 Light Cavalry
25:50 Chain Barding Armor
26:06 Iron Casting
27:31 Wheelbarrow
26:54 Gold Mining
27:20 Bow Saw
27:12 Heavy Plow
31:31 Gold Shaft Mining
38:30 Imperial Age
38:14 Cavalier
39:33 Plate Barding Armor
39:59 Blast Furnace
trashypanda
8:32 Loom
10:56 Feudal Age
11:29 Double-Bit Axe
16:29 Fletching
20:28 Wheelbarrow
21:24 Padded Archer Armor
25:10 Castle Age
24:45 Gold Mining
25:45 Bodkin Arrow
25:11 Crossbowman
26:32 Leather Archer Armor
26:27 Thumb Ring
26:33 Horse Collar
28:34 Ballistics
30:32 Town Watch
33:49 Bow Saw
35:27 Hand Cart
38:14 Imperial Age
36:06 Hand Cart
40:09 Chemistry
39:16 Siege Engineers
38:32 Arbalester
39:54 Bracer
40:28 Ring Archer Armor
月夜雪
7:29 Loom
10:04 Feudal Age
11:04 Double-Bit Axe
13:20 Scale Barding Armor
21:24 Forging
22:06 Stone Mining
25:09 Castle Age
24:30 Wheelbarrow
26:14 Chain Barding Armor
26:29 Iron Casting
26:54 Husbandry
27:00 Gold Mining
28:26 Gold Shaft Mining
33:18 Hand Cart
36:33 Imperial Age
36:50 Cavalier
38:03 Conscription
38:33 Chivalry
38:57 Paladin
Delhi
9:51 Feudal Age
10:51 Double-Bit Axe
10:48 Horse Collar
14:52 Bloodlines
14:36 Loom
18:24 Scale Barding Armor
20:05 Forging
hargir
2:42 Loom
10:14 Feudal Age
10:57 Double-Bit Axe
19:30 Castle Age
17:32 Horse Collar
23:16 Bow Saw
33:58 Imperial Age
32:55 Heavy Plow
Kroyen
6:41 Loom
8:30 Feudal Age
19:55 Gold Mining
22:51 Castle Age
21:56 Fletching
23:42 Bodkin Arrow
23:52 Crossbowman
28:13 Padded Archer Armor
El Fantasma de Pancho Villa
6:19 Loom
9:03 Feudal Age
14:52 Horse Collar
15:03 Double-Bit Axe
Connection lost

Rejoining the realm…

Still unreachable

The connection could not be restored.

Session expired

The server has moved on; the page needs a fresh start.